 Dungeon Crawl Stone Soup version 0.32-a0-738-g1a05c61809 (webtiles) character file.

Game seed: 17850126007234371137

17815 lis82 the Nimble (level 11, -1/74 HPs)
             Began as a Demigod Earth Elementalist on Mar 17, 2024.
             Shot with an arrow by an archer statue (11 damage)
             ... on level 12 of the Dungeon.
             The game lasted 00:38:43 (14054 turns).

lis82 the Nimble (Demigod Earth Elementalist)      Turns: 14054, Time: 00:38:44

Health: -1/74      AC: 17    Str: 13    XL:     11   Next: 95%
Magic:  33/38      EV: 16    Int: 25    God:
Gold:   722        SH:  0    Dex: 20    Spells: 17/29 levels left

rFire   . . .        H - +5 trident of Precise Incision {holy, Fly rC+ Dex+6}
rCold   + . .        (no shield)
rNeg    . . .        j - +4 ring mail
rPois   .            e - +0 helmet
rElec   .            (no cloak)
rCorr   .            K - +1 pair of gloves
SInv    .            L - +0 pair of boots
Will    +....        (no amulet)
Stlth   ++           B - ring of magical power
HPRegen 0.32/turn    C - +4 ring of protection
MPRegen 0.26/turn

%: no passive effects
@: flying
A: high MP 1, forlorn, divine attributes
a: no special abilities


You were on level 12 of the Dungeon.
You visited 1 branch of the dungeon, and saw 12 of its levels.
You also visited: Sewer and Bailey.

You collected 917 gold pieces.
You spent 195 gold pieces at shops.

Inventory:

Hand Weapons
 a - the +3 war axe "Enimalu" {heavy, rF+ rN+}
   (You found it on level 12 of the Dungeon)

   rF+:       It protects you from fire.
   rN+:       It protects you from negative energy.
 D - a +5 antimagic broad axe
 H - the +5 trident of Precise Incision (weapon) {holy, Fly rC+ Dex+6}
   (You found it on level 6 of the Dungeon)

   Dex+6:     It affects your dexterity (+6).
   rC+:       It protects you from cold.
   Fly:       It grants you flight.
 N - a +2 double sword of flaming
 R - a +2 dagger of venom
Missiles
 F - a throwing net
Armour
 e - a +0 helmet (worn)
 j - a +4 ring mail (worn)
 K - a +1 pair of gloves (worn)
 L - a +0 pair of boots (worn)
Magical Staves
 n - a staff of earth
Jewellery
 r - a +6 ring of strength
 B - a ring of magical power (left hand)
 C - a +4 ring of protection (right hand)
 M - a ring of resist corrosion
Wands
 c - a wand of digging (2)
 h - a wand of iceblast (15)
 E - a wand of light (10)
 J - a wand of charming (20)
 P - a wand of mindburst (8)
Scrolls
 g - 3 scrolls of enchant armour
 k - 4 scrolls of blinking
 l - 2 scrolls of amnesia
 o - a scroll of silence
 q - a scroll of butterflies
 w - 3 scrolls of revelation
 y - 5 scrolls of teleportation
 z - 3 scrolls of fog
Potions
 b - 5 potions of magic
 d - 2 potions of lignification
 f - 8 potions of resistance
 i - 3 potions of attraction
 m - a potion of ambrosia
 p - 2 potions of berserk rage {unknown}
 s - 3 potions of might {unknown}
 u - a potion of cancellation {unknown}
 v - 6 potions of curing {unknown}
 x - 6 potions of mutation {unknown}
 A - 4 potions of invisibility {unknown}
 G - 5 potions of brilliance {unknown}
 I - 4 potions of heal wounds {unknown}
 O - a potion of experience {unknown}
Miscellaneous
 Q - a phantom mirror


   Skills:
 - Level 10.3 Dodging
 - Level 1.7 Stealth
 + Level 9.5 Spellcasting
 - Level 6.3 Conjurations
 - Level 9.2 Earth Magic
 - Level 5.1 Alchemy


You had 17 spell levels left.
You knew the following spells:

 Your Spells              Type           Power      Damage    Failure   Level
a - Sandblast             Erth           100%       2d20      1%          1
b - Petrify               Alch/Erth      47%        N/A       6%          4
c - Stone Arrow           Conj/Erth      100%       3d13      1%          3
d - Brom's Barrelling Bo  Conj/Erth      50%        2d7       4%          4

Your spell library contained the following spells:

 Spells                   Type           Power      Damage    Failure   Level
 Passwall                 Erth           55%        N/A       1%          3
 Apportation              Tloc           22%        N/A       12%         1
 Ensorcelled Hibernation  Hex/Ice        22%        N/A       17%         2
 Jinxbite                 Hex            22%        N/A       17%         2
 Fugue of the Fallen      Necr           11%        N/A       34%         3
 Gell's Gravitas          Tloc           11%        N/A       34%         3
 Sigil of Binding         Hex            11%        N/A       34%         3
 Teleport Other           Tloc           11%        N/A       34%         3
 Alistair's Intoxication  Alch           24%        N/A       36%         5
 Fireball                 Conj/Fire      13%        3d7       63%         5
 Anguish                  Hex/Necr       5%         N/A       75%         4
 Cause Fear               Hex            5%         N/A       75%         4
 Sculpt Simulacrum        Ice/Alch       12%        N/A       99%         6
 Death Channel            Necr           5%         N/A       100%        6
 Dispersal                Tloc           5%         N/A       100%        6
 Dragon's Call            Summ           5%         N/A       100%        9


Dungeon Overview and Level Annotations

Branches:
Dungeon (12/15)            Temple (0/1) D:7            Lair (0/5) D:8
    Orc (0/2) D:11          Sewer (visited)          Bailey (visited)

Shops:
D:4 [   D:8 *

Portals:
Trove: D:11 (give +5 demon blade)

Annotations:
D:10 2 runed translucent doors
D:12 exclusion: 2 statues


Innate Abilities, Weirdness & Mutations

You have an increased reservoir of magic. (+10% MP)
You shall have no god before yourself.
Your divine heritage dramatically boosts your attributes as you level up.


Message History

You now have 695 gold pieces (gained 16).
You now have 722 gold pieces (gained 27).
l - 2 scrolls of amnesia (gained 1)
You reach down and open the door.
There is an open door here.
v - 6 lumpy coppery potions (gained 1)
You reach down and open the door.
There is an open door here.
You see here the +3 war axe "Enimalu" {heavy, rF+ rN+}.
a - the +3 war axe "Enimalu" {heavy, rF+ rN+} You reach down and open the door.
Found a runed trident. 2 archer statues come into view.
The archer statue shoots an arrow.
The arrow hits you!
Marking area around 2 archer statues as unsafe for travelling.
There is an open door here.
The archer statue shoots an arrow.
The arrow hits you!
The archer statue shoots an arrow.
The arrow hits you!
Casting: Stone Arrow (safe; 1% risk of failure)
Confirm with . or Enter, or press ? or * to list all spells.
Aiming: Stone Arrow (safe; 1% risk of failure)
Press: ? - help, Shift-Dir - straight line, f - archer statue
Aim: an archer statue, wielding a +0 longbow (100% to hit)
The stone arrow hits the archer statue!
The archer statue is lightly damaged.
The archer statue shoots an arrow.
The arrow closely misses you.
The archer statue shoots an arrow.
The arrow hits you!
Casting: Stone Arrow (safe; 1% risk of failure)
Confirm with . or Enter, or press ? or * to list all spells.
Aiming: Stone Arrow (safe; 1% risk of failure)
Press: ? - help, Shift-Dir - straight line, f/p - archer statue
Aim: an archer statue, wielding a +0 longbow (lightly damaged, 100% to hit)
The stone arrow hits the archer statue.
The archer statue is moderately damaged.
The archer statue shoots an arrow.
The arrow closely misses you.
The archer statue shoots an arrow.
The arrow hits you!!
* * * LOW HITPOINT WARNING * * *
The archer statue shoots an arrow.
The arrow closely misses you.
The archer statue shoots an arrow.
The arrow hits you!
You die...

+.....#.# #.#
#.....#.. ..
#.....#.. .
#....##....
#...........
#..#####....
#..#.I.# ##
#.##PPP##
.######.@....)#
........##PPP##
.........#.I.#
#####....#####
#..... #......
#......#
#......#
#......#


You could see 2 archer statues.

Vanquished Creatures
  A hydra (D:10)
  A centaur warrior (D:10)
  A two-headed ogre (D:10)
  Pikel (D:8)
  An orc knight (Bailey)
  3 ugly things
  A cyclops (D:10)
  A gargoyle (D:10)
  2 kobold demonologists
  An unseen horror (D:11)
  An unseen horror zombie (D:9)
  A komodo dragon (D:10)
  4 trolls
  Prince Ribbit (D:8)
  2 slime creatures (D:10)
  4 basilisks
  A vampire (D:10)
  A wyvern (D:10)
  2 shadows
  A wraith (D:10)
  12 yaks
  2 steam dragons
  5 vampire mosquitoes (D:10)
  An acid dragon (D:10)
  4 water moccasins (D:8)
  A black bear (D:6)
  6 orc warriors
  A sky beast (D:6)
  3 ogres
  4 wolves
  4 centaurs
  8 kobold brigands
  5 bullfrogs
  2 gnoll sergeants
  2 brain worms (Sewer)
  2 scorpions
  23 wights
  7 killer bees (D:10)
  3 howler monkeys
  6 centaur zombies (D:9)
  6 hounds
  4 orc priests
  3 bombardier beetles
  4 jellies
  An iguana (D:5)
  Ijyb (D:5)
  18 orc wizards
  A killer bee zombie (D:9)
  4 howler monkey zombies (D:9)
  14 adders
  16 gnolls
  3 river rats
  2 shadow imps (D:7)
  3 white imps (D:6)
  5 dart slugs
  3 ribbon worms
  43 orcs
  3 endoplasms
  4 giant cockroaches
  4 goblins
  9 hobgoblins
  4 jackals (D:2)
  7 quokkas
  13 ball pythons
  4 bats
  9 frilled lizards
  22 kobolds
  12 rats
354 creatures vanquished.

Notes
Turn   | Place    | Note
-------+----------+-------------------------------------------
     0 | D:1      | lis82 the Demigod Earth Elementalist began the quest for
                  | the Orb.
     0 | D:1      | Reached XP level 1. HP: 14/14 MP: 5/5
   275 | D:1      | Reached XP level 2. HP: 20/20 MP: 4/8
  1193 | D:2      | Reached XP level 3. HP: 26/26 MP: 7/9
  1462 | D:2      | Learned a level 3 spell: Stone Arrow
  1789 | D:2      | Reached XP level 4. HP: 33/33 MP: 8/10
  1794 | D:2      | Learned a level 4 spell: Petrify
  2959 | D:4      | Reached skill level 5 in Earth Magic
  3008 | D:4      | Reached XP level 5. HP: 38/38 MP: 6/11
  3032 | D:4      | Found a glowing drain.
  3100 | Sewer    | Entered a sewer
  3241 | Sewer    | Reached XP level 6. HP: 45/45 MP: 9/12
  3861 | D:4      | Found Muepal's Antique Armour Shop.
  3864 | D:4      | You fall into a shaft and drop 3 floors!
  3917 | D:7      | Reached XP level 7. HP: 34/50 MP: 13/13
  4025 | D:7      | Noticed a brown ugly thing
  4379 | D:6      | Reached XP level 8. HP: 57/57 MP: 14/14
  4386 | D:6      | Identified the +5 trident of Precise Incision {holy, Fly
                  | rC+ Dex+6}
  4455 | D:6      | Reached skill level 1 in Conjurations
  5244 | D:5      | Entered Level 5 of the Dungeon
  5684 | D:5      | Noticed Ijyb
  5691 | D:5      | Killed Ijyb
  6124 | D:4      | Bought a pair of runed gloves for 195 gold pieces
  6379 | D:7      | Found a staircase to the Ecumenical Temple.
  6430 | D:7      | Killed a brown ugly thing
  6431 | D:7      | Reached skill level 5 in Spellcasting
  6785 | D:7      | Reached XP level 9. HP: 62/62 MP: 22/22
  7537 | D:8      | Found Gaihecac's Lightly-Used Armoury.
  7743 | D:8      | Noticed Prince Ribbit
  7748 | D:8      | Killed Prince Ribbit
  7826 | D:8      | Found a staircase to the Lair.
  8033 | D:8      | Reached skill level 5 in Conjurations
  8280 | D:8      | Reached XP level 10. HP: 56/69 MP: 25/26
  8338 | D:8      | Noticed Pikel
  8346 | D:8      | Killed Pikel
  8347 | D:8      | Reached skill level 3 in Dodging
  8563 | D:8      | Reached skill level 4 in Dodging
  9041 | D:9      | Learned a level 4 spell: Brom's Barrelling Boulder
  9187 | D:9      | Reached skill level 5 in Dodging
  9256 | D:9      | Found a flagged portal.
  9282 | Bailey   | Entered a bailey
  9574 | Bailey   | Noticed an orc knight
  9583 | Bailey   | Killed an orc knight
  9584 | Bailey   | Reached skill level 6 in Dodging
  9859 | D:9      | Acquired a +2 double sword of flaming
 10154 | D:9      | Reached skill level 7 in Dodging
 10578 | D:10     | Entered Level 10 of the Dungeon
 10779 | D:10     | Reached skill level 8 in Dodging
 10790 | D:10     | Noticed a red ugly thing
 10869 | D:10     | Reached XP level 11. HP: 47/74 MP: 1/27
 11019 | D:10     | Reached skill level 9 in Dodging
 11353 | D:10     | Reached skill level 10 in Dodging
 11655 | D:10     | Reached skill level 1 in Alchemy
 12203 | D:10     | Found a large runed translucent door.
 12204 | D:10     | Found a large runed translucent door.
 12204 | D:10     | Found a large runed translucent door.
 12221 | D:10     | Noticed a two-headed ogre
 12233 | D:10     | Killed a two-headed ogre
 12301 | D:10     | Noticed a centaur warrior
 12305 | D:10     | Killed a centaur warrior
 12527 | D:10     | Found a large runed translucent door.
 12541 | D:10     | Reached skill level 5 in Alchemy
 12564 | D:10     | Noticed a five-headed hydra
 12709 | D:10     | Killed a five-headed hydra
 13424 | D:11     | Found a staircase to the Orcish Mines.
 13703 | D:11     | Found a portal to a secret trove of treasure.
 14046 | D:12     | Identified the +3 war axe "Enimalu" {heavy, rF+ rN+}
 14054 | D:12     | Shot with an arrow by an archer statue

Illustrated notes

Levels and vault maps discovered:
D:1:      dpeg_arrival_simpleton_b, layout_basic, supply_closet_lemuel,
          nicolae_houndstooth_variations
D:2:      layout_basic, minmay_3d_cube
D:3:      layout_loops_corners, zin_statuary, mainiacjoe_overflow_cross_hatched,
          mainiacjoe_overflow_24_doors, serial_aquarium,
          aquarium_bridge_straight [aquarium_subvault_bridge,
          aquarium_subvault_wall, aquarium_subvault_bridge,
          aquarium_subvault_wall], aquarium_window_fake, aquarium_window_corner,
          aquarium_view_2g, aquarium_view_2d, aquarium_balcony_5b,
          aquarium_pool_1
D:4:      layout_basic, lemuel_coloured_pillars_altar, serial_shops,
          nicolae_shop_tiny_real_fake_doors, portal_sewer_entry_b,
          kennysheep_decorative_pillar
D:5:      layout_basic, minivault_19, uniq_ijyb
D:6:      layout_basic, mainiacjoe_overflow_alcove_4
D:7:      layout_basic, minmay_temple_entry_junction_2,
          hangedman_abyss_or_decor_jellyfish_corner
D:8:      layout_gridville, kennysheep_mini, minmay_lair_entry_grove,
          minmay_shop_damaged, grunt_decor_fettered, minmay_orc_keep,
          uniq_pikel, uniq_prince_ribbit1
D:9:      layout_small_grid, fedhas_altar_fruit_tree, serial_undead,
          serial_undead_d, serial_undead_e, serial_undead_a, serial_undead_a,
          enter_bailey_2
D:10:     cheibrodos_ideogram_h, layout_gridville, minmay_hollow_rounded_squares
D:11:     layout_big_octagon, kennysheep_orc_monster_closet_entryway,
          nicolae_trove_entry_columns, kennysheep_orc_sif_temple
D:12:     layout_irregular_city, minmay_dual_archer_statues

Skill      XL: |  1  2  3  4  5  6  7  8  9 10 11 |
---------------+----------------------------------+-----
Spellcasting   | 2 6 8 9 |  9.5
Earth Magic    | 3 4 5 6 7 9 |  9.2
Conjurations   | 2 6 |  6.3
Dodging        | 8 10 | 10.3
Alchemy        | 5 |  5.1
Stealth        | |  1.7

Action                     |  1- 3 |  4- 6 |  7- 9 | 10-12 || total
---------------------------+-------+-------+-------+-------++-------
  Melee: Staff             |       |     1 |       |       ||     1
         Trident           |       |       |       |    71 ||    71
   Cast: Sandblast         |    72 |    82 |    35 |    81 ||   270
         Stone Arrow       |       |       |   109 |   267 ||   376
         Petrify           |       |       |       |     3 ||     3
  Evoke: Wand              |       |       |       |     2 ||     2
    Use: Scroll            |       |       |    10 |    12 ||    22
   Stab: Sleeping          |       |       |       |     1 ||     1
 Armour: Robe              |     7 |    11 |    27 |   132 ||   177
         Ring mail         |       |       |       |     6 ||     6
  Dodge: Dodged            |    11 |     9 |    18 |   177 ||   215

Table legend: (Time is in decaauts)
 A = Elapsed time spent in this place.
 B = Non-inter-level travel time spent in this place.
 C = Inter-level travel time spent in this place.
 D = Time resting spent in this place.
 E = Time spent auto-exploring this place.
 F = Levels seen in this place.
 G = Mean time per level.
                   A        B        C        D        E       F      G
               +--------+--------+--------+--------+--------+-----+--------+
         Total |  14274 |  13879 |    395 |   1818 |   8721 |  14 | 1019.6 |
       Dungeon |  13163 |  12768 |    395 |   1622 |   8149 |  12 | 1096.9 |
         Sewer |    534 |    534 |      0 |     35 |    358 |   1 |  534.0 |
        Bailey |    576 |    576 |      0 |    161 |    214 |   1 |  576.0 |
               +--------+--------+--------+--------+--------+-----+--------+

Top non-repeatable levels by time:
    D:10: 2465 daAuts
     D:7: 1776 daAuts
     D:8: 1292 daAuts
     D:1: 1190 daAuts
     D:6: 1156 daAuts
     D:3: 1065 daAuts
     D:9: 962 daAuts
    D:11: 946 daAuts
     D:5: 780 daAuts
     D:2: 750 daAuts
     D:4: 659 daAuts
  Bailey: 576 daAuts
   Sewer: 534 daAuts
    D:12: 118 daAuts
